 Dungeon Sprint DCSS version 0.28-a0-1190-g77e1c55843 (webtiles) character file.

Game seed: 17586450627611866575

1317 mhtbhm the Basher (level 8, -6/55 HPs)
             Began as a Gargoyle Fighter on Dec 18, 2021.
             Was an Initiate of Gozag.
             Mangled by a catoblepas (13 damage)
             ... in the Dungeon (Sprint IX: "|||||||||||||||||||||||||||||").
             The game lasted 00:01:27 (530 turns).

mhtbhm the Basher (Gargoyle Fighter)                 Turns: 530, Time: 00:01:28

Health: -6/55      AC: 27    Str: 22    XL:     8   Next: 59%
Magic:  8/8        EV: 11    Int:  9    God:    Gozag
Gold:   378        SH:  6    Dex: 12    Spells: 7/7 levels left

rFire   . . .      SeeInvis .   a - +2 morningstar (protect)
rCold   . . .      Faith    .   c - +0 buckler
rNeg    + . .      Spirit   .   b - +1 scale mail
rPois   ∞          Reflect  .   (no helmet)
rElec   +          Harm     .   (no cloak)
rCorr   .          Rampage  .   n - +0 pair of gloves
Will    .....      NoTele   +   m - +0 pair of boots
Stlth   +.........              (no amulet)
HPRegen 0.18/turn               o - +2 ring of protection
MPRegen 0.11/turn               p - +3 ring of dexterity

@: mighty, under a protective aura, hasted, very quick
A: sickness immunity, AC +5, negative energy resistance 1, electricity
resistance, torment resistance 1, petrification resistance
a: Renounce Religion, Potion Petition, Call Merchant, Bribe Branch


You were in the Dungeon.
You worshipped Gozag.
Gozag was aware of your devotion.
You visited 1 branch You collected 378 gold pieces.

Inventory:

Hand Weapons
 a - a +2 morningstar of protection (weapon)
Missiles
 i - a curare-tipped dart (quivered)
Armour
 b - a +1 scale mail (worn)
 c - a +0 buckler (worn)
 m - a +0 pair of boots (worn)
 n - a +0 pair of gloves (worn)
Jewellery
 o - a +2 ring of protection (left hand)
 p - a +3 ring of dexterity (right hand)
Wands
 l - a wand of iceblast (10)
Scrolls
 j - 2 scrolls of blinking
 k - 2 scrolls of amnesia
Potions
 e - 5 potions of curing
 f - a potion of heal wounds
 h - 4 potions of magic


   Skills:
 + Level 8.7 Fighting
 + Level 11.7 Maces & Flails
 + Level 10.1 Armour
 + Level 3.4 Dodging
 + Level 4.6 Stealth
 + Level 8.3 Shields


You had 7 spell levels left.
You didn't know any spells.
Your spell library was empty.

Dungeon Overview and Level Annotations

Branches:
Dungeon (1/1)

Altars:
Cheibriados
Dithmenos
Elyvilon
Fedhas
Gozag
Hepliaklqana
Kikubaaqudgha
Makhleb
Nemelex Xobeh
Okawaru
Qazlal
Ru
Sif Muna
Trog
Uskayaw
Vehumet
Wu Jian
Xom
Yredelemnul
Zin
The Shining One
Beogh
Jiyva
Lugonu


Innate Abilities, Weirdness & Mutations

You are immune to sickness and miasma.
Your stone body is resilient. (AC +5)
You are immune to poison.
You resist negative energy. (rN+)
You are resistant to electric shocks. (rElec)
You are resistant to unholy torment.
You are immune to petrification.


Message History

You bludgeon the manticore!!
You kill the manticore!
The boulder beetle leaps!
The centaur warrior is distracted by your dazzling golden aura.
Your Maces & Flails skill increases to level 11!
Your Armour skill increases to level 10!
Unknown command.
The centaur warrior shouts!
You puncture the catoblepas!
The catoblepas is lightly wounded.
The catoblepas breathes a plume of calcifying dust at you.
The blast of calcifying dust hits you but does no damage.
You thump the catoblepas!
The catoblepas is lightly wounded.
The centaur warrior is no longer distracted by gold.
The boulder beetle curls into a ball and begins rolling!
The catoblepas closely misses you.
Unknown command.
You sock the catoblepas!
The catoblepas is moderately wounded.
The catoblepas gores you!
You hit the catoblepas but do no damage.
The catoblepas is moderately wounded.
The boulder beetle stops rolling and uncurls.
The catoblepas breathes a plume of calcifying dust at you.
The blast of calcifying dust hits you but does no damage.
You hit the catoblepas.
The catoblepas is moderately wounded.
The catoblepas gores you!
Unknown command.
You thump the catoblepas!
The catoblepas is heavily wounded.
Unknown command.
You feel yourself speed up. The catoblepas gores you!!
* * * LOW HITPOINT WARNING * * *
You puncture the catoblepas!
The catoblepas is severely wounded.
The catoblepas gores you!
You die...
Your body crumbles into a pile of gold.

▓.▓
▓'▓
$ $
▓)▓
▓)▓
$ $
▓§▓
$
▓§▓
$ $
▓.▓
$
▓.▓
$
▓@▓
▓Y▓
▓J▓
▓c▓
▓B▓
▓.▓
▓.▓
▓+▓


You could see a catoblepas, a boulder beetle, a slime creature and a centaur
warrior.

Vanquished Creatures
  A deep elf pyromancer (D)
  A manticore (D)
  A wraith (D)
  A vampire (D)
  An orc warrior (D)
  A kobold brigand (D)
  A gnoll sergeant (D)
  An iguana (D)
  3 adders (D)
  A ball python (D)
  A goblin (D)
  2 quokkas (D)
  A ball python zombie (D)
  2 rats (D)
18 creatures vanquished.

Notes
Turn   | Place    | Note
-------+----------+-------------------------------------------
     0 | D        | mhtbhm the Gargoyle Fighter began the quest for the Orb.
     0 | D        | Reached XP level 1. HP: 14/14 MP: 1/1
     2 | D        | Banished a spatial maelstrom
   104 | D        | Noticed an iguana
   109 | D        | Killed an iguana
   110 | D        | Reached skill level 3 in Maces & Flails
   110 | D        | Reached XP level 2. HP: 17/20 MP: 2/2
   110 | D        | Reached XP level 3. HP: 20/24 MP: 3/3
   112 | D        | Reached skill level 5 in Armour
   112 | D        | Reached skill level 5 in Shields
   118 | D        | Reached skill level 5 in Fighting
   118 | D        | Reached XP level 4. HP: 18/31 MP: 4/4
   124 | D        | Found a snail-covered altar of Cheibriados.
   124 | D        | Found a shadowy altar of Dithmenos.
   124 | D        | Found a white marble altar of Elyvilon.
   124 | D        | Found a blossoming altar of Fedhas.
   124 | D        | Found an opulent altar of Gozag.
   125 | D        | Found a hazy altar of Hepliaklqana.
   126 | D        | Found a viscous altar of Jiyva.
   127 | D        | Found an ancient bone altar of Kikubaaqudgha.
   128 | D        | Found a corrupted altar of Lugonu.
   129 | D        | Found a burning altar of Makhleb.
   130 | D        | Found a sparkling altar of Nemelex Xobeh.
   131 | D        | Found an iron altar of Okawaru.
   132 | D        | Became a worshipper of Gozag Ym Sagoz the Greedy
   133 | D        | Found a stormy altar of Qazlal.
   134 | D        | Found a sacrificial altar of Ru.
   135 | D        | Found a shimmering blue altar of Sif Muna.
   136 | D        | Found a bloodstained altar of Trog.
   137 | D        | Found a hide-covered altar of Uskayaw.
   138 | D        | Found a radiant altar of Vehumet.
   139 | D        | Found an ornate altar of the Wu Jian Council.
   140 | D        | Found a shimmering altar of Xom.
   141 | D        | Found a basalt altar of Yredelemnul.
   142 | D        | Found a glowing silver altar of Zin.
   143 | D        | Found a glowing golden altar of the Shining One.
   261 | D        | Noticed a kobold brigand
   261 | D        | Noticed an orc warrior
   261 | D        | Noticed a wraith
   261 | D        | Noticed a gnoll sergeant
   261 | D        | Noticed a vampire
   266 | D        | Killed a kobold brigand
   267 | D        | Reached skill level 4 in Maces & Flails
   267 | D        | Reached XP level 5. HP: 36/36 MP: 5/5
   272 | D        | Killed an orc warrior
   273 | D        | Reached skill level 6 in Maces & Flails
   273 | D        | Reached skill level 1 in Dodging
   273 | D        | Reached skill level 1 in Stealth
   273 | D        | Reached XP level 6. HP: 42/42 MP: 6/6
   279 | D        | Killed a wraith
   280 | D        | Reached skill level 7 in Maces & Flails
   290 | D        | Reached skill level 8 in Maces & Flails
   290 | D        | Reached XP level 7. HP: 40/48 MP: 7/7
   302 | D        | Killed a vampire
   303 | D        | Reached skill level 9 in Maces & Flails
   507 | D        | Noticed a deep elf pyromancer
   507 | D        | Noticed a manticore
   507 | D        | Noticed a catoblepas
   507 | D        | Noticed a boulder beetle
   507 | D        | Noticed a slime creature
   507 | D        | Noticed a centaur warrior
   513 | D        | Killed a deep elf pyromancer
   514 | D        | Reached skill level 10 in Maces & Flails
   514 | D        | Reached XP level 8. HP: 16/55 MP: 8/8
   522 | D        | Killed a manticore
   523 | D        | Reached skill level 11 in Maces & Flails
   523 | D        | Reached skill level 10 in Armour
   530 | D        | Mangled by a catoblepas

Illustrated notes

Levels and vault maps discovered:
D:        linesprint [early_d, line_temple, items_1, d_10, items_2, lair_1,
          lair_end, items_3, orc_1, orc_end, items_4, d_15, swamp_1, shoals_1,
          snake_1, spider_1, d_20, vaults_1, items_5, swamp_end, shoals_end,
          snake_end, spider_end, vaults_end, d_27, items_6, zot_1, zot_end,
          crypt_end, forest_end, elf_end, slime_end, tomb_end, abyss_end,
          pan_hell_end]

Skill      XL: |  1  2  3  4  5  6  7  8 |
---------------+-------------------------+-----
Fighting       | 4 5 6 7 8 |  8.7
Maces & Flails | 3 4 6 8 10 11 | 11.7
Armour         | 4 5 6 7 8 9 10 | 10.1
Shields        | 4 5 6 7 8 |  8.3
Dodging        | 1 3 |  3.4
Stealth        | 1 2 4 |  4.6

Action                   |  1- 3 |  4- 6 |  7- 9 || total
-------------------------+-------+-------+-------++-------
Melee: Flail             |    26 |       |       ||    26
       Morningstar       |       |    25 |    28 ||    53
  Use: Potion            |     1 |     1 |     4 ||     6
 Stab: Invisible         |       |     2 |       ||     2
       Petrified         |       |       |     1 ||     1
Armor: Scale mail        |     9 |     5 |    23 ||    37
Dodge: Dodged            |     7 |    13 |    10 ||    30
Block: Buckler           |     4 |     7 |     1 ||    12

Table legend: (Time is in decaauts)
 A = Elapsed time spent in this place.
 B = Non-inter-level travel time spent in this place.
 C = Inter-level travel time spent in this place.
 D = Time resting spent in this place.
 E = Time spent auto-exploring this place.
 F = Levels seen in this place.
 G = Mean time per level.
                   A        B        C        D        E       F      G
               +--------+--------+--------+--------+--------+-----+--------+
         Total |    551 |    551 |      0 |    328 |      3 |   1 |  551.0 |
       Dungeon |    551 |    551 |      0 |    328 |      3 |   1 |  551.0 |
               +--------+--------+--------+--------+--------+-----+--------+

Top non-repeatable levels by time:
       D: 551 daAuts
